 Dungeon Crawl Stone Soup version 0.29.1-13-g9f3cf754e1 (webtiles) character file.

Game seed: 1086769401485105746

693 Saba the Shooter (level 7, -5/44 HPs)
             Began as a Gargoyle Hunter on Feb 8, 2023.
             Was a Follower of Okawaru.
             Slain by Menkaure (6 damage)
             ... on level 5 of the Dungeon.
             The game lasted 00:05:08 (5079 turns).

Saba the Shooter (Gargoyle Hunter)                  Turns: 5079, Time: 00:05:09

Health: -5/44      AC:  8    Str: 15    XL:     7   Next: 64%
Magic:  7/7        EV: 11    Int:  9    God:    Okawaru [*.....]
Gold:   301        SH:  0    Dex: 15    Spells: 6/6 levels left

rFire   . . .      SeeInvis .   x - +0 flail (holy)
rCold   + . .      Faith    .   (no shield)
rNeg    + . .      Spirit   .   c - +0 leather armour
rPois   ∞          Reflect  .   s - +0 helmet
rElec   +          Harm     .   (no cloak)
rCorr   .          Rampage  .   (no gloves)
Will    .....                   (no boots)
Stlth   ++........              (no amulet)
HPRegen 0.14/turn               h - ring of protection from cold
MPRegen 0.10/turn               (no ring)

@: no status effects
A: sickness immunity, AC +4, negative energy resistance 1, electricity
resistance, torment resistance 1, petrification resistance
a: Renounce Religion, Heroism


You were on level 5 of the Dungeon.
You worshipped Okawaru.
Okawaru was aware of your devotion.
You visited 1 branch of the dungeon, and saw 5 of its levels.

You collected 301 gold pieces.

Inventory:

Hand Weapons
 a - a +0 shortbow
 x - a +0 flail of holy wrath (weapon)
Missiles
 w - a throwing net
Armour
 c - a +0 leather armour (worn)
 i - a +0 hat
 s - a +0 helmet (worn)
 t - a +0 kite shield
Jewellery
 h - a ring of protection from cold (left hand)
Scrolls
 b - 2 scrolls of immolation
 d - a scroll of enchant weapon {unknown}
 k - 6 scrolls of identify {unknown}
 m - 2 scrolls of poison {unknown}
 n - 3 scrolls of butterflies {unknown}
 q - a scroll of brand weapon {unknown}
 r - a scroll of amnesia {unknown}
 u - a scroll of acquirement {unknown}
 v - a scroll of noise {unknown}
 y - a scroll of teleportation {unknown}
Potions
 e - a potion of heal wounds
 f - a potion of might {unknown}
 g - a potion of berserk rage {unknown}
 j - a potion of flight {unknown}
 o - a potion of ambrosia {unknown}
 p - 6 potions of curing {unknown}


   Skills:
 + Level 5.4 Fighting
 * Level 7.8 Ranged Weapons
 - Level 1.5 Dodging
 - Level 1.1 Stealth


You had 6 spell levels left.
You didn't know any spells.
Your spell library contained the following spells:

 Spells                   Type           Power      Damage    Failure   Level
 Shock                    Conj/Air       0%         1d3       45%         1
 Blink                    Tloc           0%         N/A       58%         2
 Wereblood                Tmut           0%         N/A       58%         2
 Portal Projectile        Hex/Tloc       0%         N/A       83%         3
 Swiftness                Air            0%         N/A       83%         3
 Airstrike                Air            0%         2d(0-16)  99%         4
 Leda's Liquefaction      Hex/Erth       0%         N/A       99%         4
 Manifold Assault         Tloc           0%         N/A       100%        5
 Orb of Destruction       Conj           0%         9d5       100%        7
 Storm Form               Tmut/Air       0%         N/A       100%        7
 Chain Lightning          Conj/Air       0%         N/A       100%        9
 Fire Storm               Conj/Fire      0%         5d1       100%        9
 Shatter                  Erth           0%         3d5*      100%        9
 Sublimation of Blood     Necr           Unusable   N/A       N/A         2
 Call Canine Familiar     Summ           Unusable   N/A       N/A         3
 Summon Guardian Golem    Hex/Summ       Unusable   N/A       N/A         3
 Spellforged Servitor     Conj/Summ      Unusable   N/A       N/A         7
 Summon Hydra             Summ           Unusable   N/A       N/A         7

Dungeon Overview and Level Annotations

Branches:
Dungeon (5/15)             Temple (0/1) D:5

Altars:
Fedhas
Okawaru
Qazlal
Wu Jian
The Shining One

Shops:
D:3 :

Annotations:
D:5 Menkaure


Innate Abilities, Weirdness & Mutations

You are immune to sickness and miasma.
Your stone body is resilient. (AC +4)
You are immune to poison.
You resist negative energy. (rN+)
You are resistant to electric shocks. (rElec)
You are resistant to unholy torment.
You are immune to petrification.


Message History

There is an open gate here.
Found a staircase to the Ecumenical Temple.
No target in view!
No target in view!
No target in view!
No target in view!
No target in view!
Menkaure, Prince of Dust comes into view.
Menkaure shouts!
You shoot an arrow. The arrow barely misses Menkaure.
You shoot an arrow. The arrow hits Menkaure.
Menkaure is lightly damaged.
You shoot an arrow.
The arrow hits Menkaure but does no damage.
Menkaure is lightly damaged.
You shoot an arrow.
The arrow hits Menkaure but does no damage.
Menkaure is lightly damaged.
You shoot an arrow. The arrow barely misses Menkaure.
You shoot an arrow.
The arrow hits Menkaure but does no damage.
Menkaure is lightly damaged.
Menkaure gestures wildly while chanting.
Menkaure seems to speed up.
You shoot an arrow. The arrow hits Menkaure.
Menkaure is lightly damaged.
Menkaure hits you!!
You shoot an arrow. The arrow hits Menkaure.
Menkaure is moderately damaged.
Menkaure closely misses you.
You shoot an arrow. The arrow completely misses Menkaure.
Menkaure hits you!
Your +0 flail of holy wrath softly glows with a divine radiance!
x - a +0 flail of holy wrath (weapon)
Menkaure barely misses you.
You hit Menkaure.
Menkaure convulses.
Menkaure is severely damaged.
Menkaure hits you!
* * * LOW HITPOINT WARNING * * *
Menkaure hits you.
You die...

########..#
..........#
≈≈≈.......#
≈≈≈≈≈.....#
≈≈≈≈≈≈≈...#
≈≈≈≈≈≈≈≈..#
..≈≈≈≈≈≈..#
>.≈≈≈≈≈≈..#
..≈≈≈≈≈≈@.#
≈≈≈≈≈≈.M.#
≈≈≈≈.....#
≈≈.......#
..........
#####...#.#
###.#..
#..#.#


You could see Menkaure (fast).

Vanquished Creatures
  A black bear (D:5)
  An ogre (D:4)
  A necrophage (D:5)
  2 vampire bats (D:4)
  2 jellies (D:5)
  A hound (D:4)
  An iguana (D:3)
  12 gnolls
  4 adders
  An ufetubus (D:4)
  4 dart slugs
  An orc (D:3)
  6 endoplasms
  5 giant cockroaches
  12 hobgoblins
  4 jackals (D:2)
  4 kobolds
  5 quokkas
  7 ball pythons
  16 bats
  3 frilled lizards
  7 goblins
  9 rats
109 creatures vanquished.

Notes
Turn   | Place    | Note
-------+----------+-------------------------------------------
     0 | D:1      | Saba the Gargoyle Hunter began the quest for the Orb.
     0 | D:1      | Reached XP level 1. HP: 12/12 MP: 1/1
   145 | D:1      | Reached XP level 2. HP: 18/18 MP: 2/2
   641 | D:1      | Reached XP level 3. HP: 22/22 MP: 3/3
  1699 | D:2      | Reached skill level 5 in Ranged Weapons
  1699 | D:2      | Reached XP level 4. HP: 26/28 MP: 4/4
  2180 | D:3      | Found a faded altar of an unknown god.
  2281 | D:3      | Found an iron altar of Okawaru.
  2303 | D:3      | Became a worshipper of Warmaster Okawaru
  2339 | D:3      | Reached XP level 5. HP: 24/32 MP: 5/5
  2660 | D:3      | Found Onehib's Book Emporium.
  2724 | D:3      | Found a blossoming altar of Fedhas.
  2728 | D:3      | Found a glowing golden altar of the Shining One.
  3478 | D:4      | Reached skill level 6 in Ranged Weapons
  3512 | D:4      | Reached XP level 6. HP: 35/38 MP: 6/6
  4156 | D:4      | Reached skill level 7 in Ranged Weapons
  4245 | D:4      | Reached * piety under Okawaru
  4250 | D:4      | Reached XP level 7. HP: 34/44 MP: 7/7
  4591 | D:5      | Entered Level 5 of the Dungeon
  4678 | D:5      | Found a stormy altar of Qazlal.
  4690 | D:5      | Reached skill level 5 in Fighting
  5046 | D:5      | Found an ornate altar of the Wu Jian Council.
  5061 | D:5      | Found a staircase to the Ecumenical Temple.
  5068 | D:5      | Noticed Menkaure
  5079 | D:5      | HP: 1/44 [Menkaure (13)]
  5079 | D:5      | Slain by Menkaure

Illustrated notes

Levels and vault maps discovered:
D:1:      zaba_arrival_water, layout_basic
D:2:      layout_basic, kennysheep_another_room, minmay_hexomino_u4
D:3:      minmay_door_path, layout_basic, okawaru_trees_2,
          mainiacjoe_overflow_catwalk_spiral, serial_shops, shop,
          nicolae_ecumenical_lake_church, minmay_three_crescents
D:4:      layout_cave_pods, minivault_25, hangedman_decor_push, roderic_batcave
D:5:      layout_basic, kennysheep_mini, mainiacjoe_overflow_big_doors,
          lemuel_crystal_altar, temple_pool_b, hangedman_decor_peaks_small,
          uniq_menkaure

Skill      XL: |  1  2  3  4  5  6  7 |
---------------+----------------------+-----
Fighting       | 3 4 5 |  5.4
Ranged Weapons | 5 6 7 |  7.8
Dodging        | |  1.5
Stealth        | |  1.1

Action                   |  1- 3 |  4- 6 |  7- 9 || total
-------------------------+-------+-------+-------++-------
Melee: Flail             |       |       |     1 ||     1
 Fire: Shortbow          |   108 |   172 |    56 ||   336
Evoke: Wand              |       |    22 |     2 ||    24
  Use: Potion            |       |       |     1 ||     1
Armor: Leather armour    |    12 |    60 |     3 ||    75
Dodge: Dodged            |    28 |    80 |    15 ||   123
